 Dungeon Crawl Stone Soup version 0.30-a0-776-g08fbeb92c1 (webtiles) character file.

Game seed: 18419874813877585352

42 M4edhros the Charlatan (level 3, -2/23 HPs)
             Began as an Octopode Artificer on Feb 13, 2023.
             Slain by an orc priest
             ... wielding a +0 club
              (6 damage)
             ... on level 3 of the Dungeon.
             The game lasted 00:02:51 (643 turns).

M4edhros the Charlatan (Octopode Artificer)          Turns: 643, Time: 00:02:52

Health: -2/23      AC:  1    Str: 11    XL:     3   Next: 54%
Magic:  3/3        EV: 13    Int: 13    God:
Gold:   48         SH:  0    Dex: 14    Spells: 2/2 levels left

rFire   . . .      SeeInvis .    h - +3 sling
rCold   . . .      Faith    .    (no shield)
rNeg    . . .      Spirit   .    (helmet restricted)
rPois   .          Reflect  .    (no amulet)
rElec   .          Harm     .    (no ring)
rCorr   .          Rampage  .    (no ring)
Will    .....                    (no ring)
Stlth   +++                      (no ring)
HPRegen 0.23/turn                (no ring)
MPRegen 0.08/turn                (no ring)
                                 (no ring)
                                 (no ring)

@: no status effects
A: almost no armour, amphibious, 8 rings, camouflage 1, gelatinous body 1,
(nimble swimmer 1), tentacles
a: no special abilities


You were on level 3 of the Dungeon.
You visited 1 branch of the dungeon, and saw 3 of its levels.

You collected 48 gold pieces.

Inventory:

Hand Weapons
 h - a +3 sling (weapon)
Wands
 b - a wand of flame (11)
 c - a wand of charming (13)
 d - a wand of iceblast (5)
Scrolls
 e - a scroll of fog {unknown}
 f - a scroll of enchant armour {unknown}
 i - a scroll of brand weapon {unknown}
 j - a scroll of teleportation {unknown}
Potions
 a - a potion of heal wounds
 g - a potion of mutation {unknown}


   Skills:
 - Level 1.0 Fighting
 * Level 1.0 Ranged Weapons
 - Level 2.3 Dodging
 - Level 1.3 Stealth
 + Level 4.6 Evocations


You had 2 spell levels left.
You didn't know any spells.
Your spell library was empty.

Dungeon Overview and Level Annotations

Branches:
Dungeon (3/15)

Altars:
Dithmenos
Ru


Innate Abilities, Weirdness & Mutations

You cannot wear most types of armour.
You are amphibious.
You can wear up to eight rings at the same time.
Your skin changes colour to match your surroundings (Stealth+).
Your rubbery body absorbs attacks. (AC +1, EV +1)
((You are camouflaged when in or above water. (Stealth+)))
You have tentacles for arms and can constrict up to eight enemies at once.


Message History

Press: ? - help, Q - select action, (/) - cycle Shift-Dir - straight line, f - you Really fire in your orc priest's direction?
You shoot a sling bullet. The sling bullet hits your orc priest.
The orc priest is no longer charmed.
The orc priest shouts!
The orc priest is moderately wounded.
Fire: h) +3 sling
Press: ? - help, Q - select action, (/) - cycle Shift-Dir - straight line, f - orc priest
Aim: an orc priest, wielding a +0 club and wearing a +0 ring mail (moderately wounded, 63% to hit)
You shoot a sling bullet.
The sling bullet hits the orc priest but does no damage.
The orc priest is moderately wounded.
The orc priest closely misses you.
Fire: h) +3 sling
Press: ? - help, Q - select action, (/) - cycle Shift-Dir - straight line, f/p - orc priest
Aim: an orc priest, wielding a +0 club and wearing a +0 ring mail (moderately wounded, 63% to hit)
You shoot a sling bullet.
The sling bullet barely misses the orc priest.
The orc priest barely misses you. The orc priest hits you with a +0 club.
Fire: h) +3 sling
Press: ? - help, Q - select action, (/) - cycle Shift-Dir - straight line, f/p - orc priest
Aim: an orc priest, wielding a +0 club and wearing a +0 ring mail (moderately wounded, 63% to hit)
You shoot a sling bullet.
The sling bullet closely misses the orc priest.
The orc priest calls down the wrath of Beogh upon you.
Beogh smites you!
Aiming: Throw Flame
Press: ? - help, Shift-Dir - straight line, f/p - orc priest
Aim: an orc priest, wielding a +0 club and wearing a +0 ring mail (moderately wounded, 77% to hit)
The puff of flame hits the orc priest.
The orc priest is severely wounded.
The orc priest hits you with a +0 club.
* * * LOW HITPOINT WARNING * * *
Aiming: Throw Flame
Press: ? - help, Shift-Dir - straight line, f/p - orc priest
Aim: an orc priest, wielding a +0 club and wearing a +0 ring mail (severely wounded, 77% to hit)
The puff of flame hits the orc priest.
The orc priest is almost dead.
The orc priest hits you with a +0 club.
You die...

.S.... ....#...##.##...#..#
..... ..#.#.#.......#.#.##
..... ...#...##.###.##...#
#...######.#...........#.##
#...##...##.###.###.##..#
#.≈.≈..#...............#
#≈.≈†≈.##.###.###.###.##
...#..[#.###.####....# ##
####.≈.#.###...o@....#
#...#..)†.........#
#.≈.#....#####....#
#...###### #....# #.≈.#
###### #...# #≈_≈# #≈≈≈#
#####


You could see an orc priest.

Vanquished Creatures
  A gnoll (D:1)
  3 orcs (D:3)
  5 bats
  2 endoplasms
  A giant cockroach (D:3)
  2 hobgoblins
  A kobold (D:1)
  A quokka (D:1)
  3 ball pythons
  3 frilled lizards (D:3)
  4 rats
26 creatures vanquished.

Vanquished Creatures (collateral kills)
  An orc (D:3)
  A giant cockroach (D:1)
2 creatures vanquished.

Vanquished Creatures (others)
  A dart slug (D:3)
  An orc (D:3)
2 creatures vanquished.

Grand Total: 30 creatures vanquished

Notes
Turn   | Place    | Note
-------+----------+-------------------------------------------
     0 | D:1      | M4edhros the Octopode Artificer began the quest for the
                  | Orb.
     0 | D:1      | Reached XP level 1. HP: 13/13 MP: 1/1
   183 | D:1      | Reached skill level 4 in Evocations
   183 | D:1      | Reached XP level 2. HP: 18/18 MP: 2/2
   344 | D:1      | Reached XP level 3. HP: 22/23 MP: 3/3
   476 | D:3      | Found a shadowy altar of Dithmenos.
   577 | D:3      | Found a sacrificial altar of Ru.
   619 | D:3      | Reached skill level 1 in Ranged Weapons
   643 | D:3      | Slain by an orc priest

Illustrated notes

Levels and vault maps discovered:
D:1:      lightli_arrival_statue_moat, layout_basic, serial_shops, shop_coins
D:2:      layout_basic
D:3:      layout_rooms, grunt_qazlal_clouds, nicolae_dithmenos_shadow_blocks,
          nicolae_ru_path_of_blood, nicolae_concentric_dashed_squares_mild

Skill      XL: |  1  2  3 |
---------------+----------+-----
Evocations     | 4 |  4.6
Ranged Weapons | 1 |  1.0
Fighting       | |  1.0
Dodging        | |  2.3
Stealth        | |  1.3

Action                     || total
---------------------------++-------
  Melee: Unarmed           ||    38
         Tentacles         ||     8
         Constrict         ||    11
         Punch             ||     1
   Fire: Sling             ||    41
  Evoke: Wand              ||     6
    Use: Potion            ||     1
   Stab: Sleeping          ||     3
 Armour: Skin              ||     9
  Dodge: Dodged            ||    46

Table legend: (Time is in decaauts)
 A = Elapsed time spent in this place.
 B = Non-inter-level travel time spent in this place.
 C = Inter-level travel time spent in this place.
 D = Time resting spent in this place.
 E = Time spent auto-exploring this place.
 F = Levels seen in this place.
 G = Mean time per level.
                   A        B        C        D        E       F      G
               +--------+--------+--------+--------+--------+-----+--------+
         Total |    657 |    598 |     59 |      2 |    295 |   3 |  219.0 |
       Dungeon |    657 |    598 |     59 |      2 |    295 |   3 |  219.0 |
               +--------+--------+--------+--------+--------+-----+--------+

Top non-repeatable levels by time:
     D:1: 378 daAuts
     D:3: 185 daAuts
     D:2: 94 daAuts
